 Dungeon Crawl Stone Soup version 0.28.0-53-g5a82cb258f (webtiles) character file.

Game seed: 7979081583849347470

6447 Peloso the Protected (level 10, -7/135 HPs)
             Began as a Minotaur Fighter on June 5, 2022.
             Was an Elder of Okawaru.
             Mangled by an orc warrior
             ... wielding a +0 long sword
              (9 damage)
             ... on level 8 of the Dungeon.
             The game lasted 00:17:19 (9811 turns).

Peloso the Protected (Minotaur Fighter)             Turns: 9811, Time: 00:17:20

Health: -7/135     AC: 18    Str: 23    XL:     10   Next: 67%
Magic:  9/9        EV:  7    Int:  5    God:    Okawaru [****..]
Gold:   421        SH:  0    Dex: 12    Spells: 9/9 levels left

rFire   + . .      SeeInvis +   b - +7 mace "Zodorufa" {flame, rN+ SInv}
rCold   + + .      Faith    .   c - +0 buckler
rNeg    + . .      Spirit   .   v - +0 plate armour
rPois   .          Reflect  .   (helmet restricted)
rElec   .          Harm     .   C - scarf {rC+ rF+}
rCorr   .          Rampage  .   t - +0 pair of gloves
Will    .....                   r - +0 pair of boots
Stlth   ..........              (no amulet)
HPRegen 0.32/turn               A - ring of protection from cold
MPRegen 0.11/turn               (no ring)

@: confused, berserking, very quick
A: horns 2, retaliatory headbutt
a: Renounce Religion, Heroism, Finesse


You were on level 8 of the Dungeon.
You worshipped Okawaru.
Okawaru was greatly pleased with you.
You visited 1 branch of the dungeon, and saw 9 of its levels.

You collected 421 gold pieces.

Inventory:

Hand Weapons
 a - a +0 scimitar of flaming
 b - the +7 mace "Zodorufa" (weapon) {flame, rN+ SInv}
   (You found it on level 3 of the Dungeon)

   It burns those it strikes, dealing additional fire damage.
   rN:        It protects you from negative energy.
   SInv:      It lets you see invisible.
Missiles
 h - 2 throwing nets (quivered)
Armour
 c - a +0 buckler (worn)
 q - a +0 chain mail
 r - a +0 pair of boots (worn)
 t - a +0 pair of gloves (worn)
 v - a +0 plate armour (worn)
 C - a scarf of resistance (worn)
Jewellery
 A - a ring of protection from cold (left hand)
Wands
 d - a wand of flame (13)
 g - a wand of iceblast (36)
Scrolls
 e - 4 scrolls of immolation
 f - 7 scrolls of teleportation
 k - 5 scrolls of magic mapping
 n - 2 scrolls of amnesia {unknown}
 p - 2 scrolls of noise {unknown}
 s - 2 scrolls of enchant weapon
 w - 4 scrolls of identify
 y - a scroll of torment {unknown}
 z - a scroll of brand weapon {unknown}
 E - a scroll of vulnerability {unknown}
 F - a scroll of blinking {unknown}
Potions
 i - 3 potions of haste
 j - 4 potions of curing
 l - a potion of flight
 o - 2 potions of ambrosia
 u - a potion of invisibility {unknown}
 x - a potion of resistance
 B - a potion of heal wounds {unknown}
 D - 2 potions of degeneration {unknown}


   Skills:
 + Level 8.6 Fighting
 + Level 6.4 Long Blades
 + Level 10.8 Maces & Flails
 + Level 11.6 Armour
 + Level 2.0 Dodging
 + Level 1.3 Stealth
 + Level 6.5 Shields
 + Level 0.4 Invocations


You had 9 spell levels left.
You didn't know any spells.
Your spell library contained the following spells:

 Spells                   Type           Power      Damage    Failure   Level
 Blink                    Tloc           0%         N/A       100%        2
 Scorch                   Fire           0%         2d5       100%        2
 Sublimation of Blood     Necr           0%         N/A       100%        2
 Frozen Ramparts          Ice            0%         1d2       100%        3
 Flame Wave               Conj/Fire      0%         2d4       100%        4
 Ice Form                 Ice/Tmut       0%         N/A       100%        4
 Petrify                  Tmut/Erth      0%         N/A       100%        4
 Irradiate                Conj/Tmut      0%         3d14      100%        5
 Manifold Assault         Tloc           0%         N/A       100%        5
 Storm Form               Tmut/Air       0%         N/A       100%        7
 Summon Ice Beast         Ice/Summ       Unusable   N/A       N/A         4
 Summon Cactus Giant      Summ           Unusable   N/A       N/A         6

Dungeon Overview and Level Annotations

Branches:
Dungeon (9/15)             Temple (0/1) D:7
   Lair: D:8-11         Orc: D:9-12

Altars:
Elyvilon
Fedhas
Hepliaklqana
Kikubaaqudgha
Makhleb
Nemelex Xobeh
Okawaru
Qazlal
Ru
Trog

Shops:
D:5 *

Portals:
Abyss: D:8

Annotations:
D:2 1 runed translucent door, Crazy Yiuf
D:6 exclusion: oklob plant
D:8 2 transporters, duchin's ghost, novice TrWr


Innate Abilities, Weirdness & Mutations

You have a pair of horns on your head.
You reflexively headbutt those who attack you in melee.


Message History

Unknown command.
You barely miss the troll. Your headbutt misses the troll.
The orc warrior hits you with a +0 long sword.
The orc wizard mumbles some strange words.
The orc wizard flickers and vanishes for a moment.
You completely miss the troll. The troll bites you!
The troll claws you but does no damage. x2
The orc warrior hits you with a +0 long sword!
* * * LOW HITPOINT WARNING * * *
You hit the troll. You burn the troll. You headbutt the troll!
The troll is moderately wounded.
The troll bites you but does no damage. You block the troll's attack.
The troll claws you.
* * * LOW HITPOINT WARNING * * *
The orc warrior closely misses you.
You hit the troll. You burn the troll.
The troll is heavily wounded.
The troll bites you but does no damage. The troll claws you!
* * * LOW HITPOINT WARNING * * *
You block the troll's attack.
The orc warrior hits you but does no damage.
Unknown command.
A red film seems to cover your vision as you go berserk!
You feel yourself moving faster!
You feel mighty! The troll bites you.
* * * LOW HITPOINT WARNING * * *
The troll claws you!
* * * LOW HITPOINT WARNING * * *
The troll claws you but does no damage. The orc warrior barely misses you.
You bludgeon the troll!! You burn the troll!
You kill the troll!
Okawaru is honoured by your kill. You block the orc warrior's attack.
The orc wizard gestures at you while chanting.
You are confused.
Your Dodging skill increases to level 2!
You miss the orc warrior.
Unknown command.
You barely miss the orc warrior. Your headbutt misses the orc warrior.
The orc warrior hits you with a +0 long sword!
You die...

......................#########.#
#...###.........................#
#...# #......#'###############..#
#...# #......#)#..........†......
....# #......#.#.#####..######.##
....###......#.#.#......# #.#
....'.'......+.#S#.####.# #.#
....###......###o#......# #.#
##'## #.<....#.#@#....########.##
#.# ########.#.##.#.#.........#
#.# #.#o...#.#.######### #.#
#.######.#.#........ #.#
#......#.#.#.....#.# #.#
######.#.#.#######.# #.#
###...#.#.#.......... #.#
#.......#...######### #.#
#.#.#.....#.#


You could see an orc warrior, a water moccasin and an orc wizard (invisible).

Vanquished Creatures
  Erica (D:8)
  Pikel (D:5)
  Joseph (D:8)
  A troll (D:8)
  2 hornets
  4 yaks (D:8)
  Eustachio (D:4)
  Grum (D:8)
  Edmund (D:5)
  Menkaure (D:4)
  Duvessa (D:4)
  2 water moccasins
  An orc warrior (D:7)
  3 ice beasts
  A sky beast (D:8)
  A black bear (D:7)
  A necrophage (D:6)
  2 ogres
  2 wolves (D:8)
  A centaur (D:7)
  2 phantoms
  4 bullfrogs
  2 scorpions
  Dowan (D:4)
  3 killer bees (D:8)
  3 wights (D:8)
  A jelly (D:5)
  A centaur zombie (D:8)
  8 hounds
  3 orc priests
  Natasha (thrice) (D:4)
  2 gnoll shamans
  Ijyb (D:2)
  Terence (D:2)
  4 iguanas
  8 orc wizards
  A killer bee zombie (D:7)
  A hound skeleton (D:5)
  A howler monkey skeleton (D:6)
  A howler monkey zombie (D:6)
  10 gnolls
  8 adders
  3 white imps (D:5)
  A worm (D:2)
  25 orcs
  6 endoplasms
  3 giant cockroaches
  11 goblins
  9 hobgoblins
  2 jackals (D:3)
  5 quokkas
  A ball python (D:2)
  4 bats
  4 frilled lizards
  6 kobolds
  4 rats
182 creatures vanquished.

Vanquished Creatures (others)
  10 fungi (D:9)
  25 plants
35 creatures vanquished.

Grand Total: 217 creatures vanquished

Notes
Turn   | Place    | Note
-------+----------+-------------------------------------------
     0 | D:1      | Peloso the Minotaur Fighter began the quest for the Orb.
     0 | D:1      | Reached XP level 1. HP: 19/19 MP: 0/0
   406 | D:1      | Reached XP level 2. HP: 6/27 MP: 1/1
   909 | D:2      | Reached skill level 4 in Armour
   919 | D:2      | Reached XP level 3. HP: 33/33 MP: 2/2
   937 | D:2      | Noticed Terence
   952 | D:2      | HP: 1/33 [Terence/+0 flail of protection (5)]
   953 | D:2      | Killed Terence
  1247 | D:2      | Noticed Ijyb
  1285 | D:2      | Killed Ijyb
  1286 | D:2      | Reached XP level 4. HP: 32/41 MP: 3/3
  1384 | D:2      | Found a faded altar of an unknown god.
  1457 | D:2      | Found a runed translucent door.
  1458 | D:2      | Noticed Crazy Yiuf
  1903 | D:3      | Noticed a scorpion
  1911 | D:3      | Killed a scorpion
  1912 | D:3      | Reached XP level 5. HP: 28/47 MP: 4/4
  2085 | D:3      | Found a stormy altar of Qazlal.
  2280 | D:3      | Identified the +7 mace "Zodorufa" {flame, rN+ SInv}
  2969 | D:4      | Reached skill level 5 in Fighting
  3071 | D:4      | Noticed Eustachio
  3087 | D:4      | Killed Eustachio
  3088 | D:4      | Reached skill level 5 in Long Blades
  3088 | D:4      | Reached skill level 5 in Armour
  3088 | D:4      | Reached skill level 1 in Dodging
  3088 | D:4      | Reached XP level 6. HP: 44/56 MP: 5/5
  3158 | D:4      | Noticed Duvessa
  3165 | D:4      | Killed Duvessa
  3166 | D:4      | Reached skill level 1 in Maces & Flails
  3167 | D:4      | Noticed Dowan
  3175 | D:4      | Killed Dowan
  3176 | D:4      | Reached XP level 7. HP: 49/61 MP: 6/6
  3289 | D:4      | Reached skill level 5 in Shields
  3451 | D:4      | Noticed Menkaure
  3605 | D:4      | Killed Menkaure
  3606 | D:4      | Reached skill level 6 in Armour
  3624 | D:4      | Found a white marble altar of Elyvilon.
  3646 | D:4      | Noticed Natasha
  3648 | D:4      | Found a hazy altar of Hepliaklqana.
  3650 | D:4      | Killed Natasha
  3655 | D:4      | Found a bloodstained altar of Trog.
  3655 | D:4      | Found a sparkling altar of Nemelex Xobeh.
  3655 | D:4      | Found an iron altar of Okawaru.
  3662 | D:4      | Became a worshipper of Warmaster Okawaru
  4014 | D:4      | Noticed Natasha
  4148 | D:4      | Killed Natasha
  4195 | D:4      | Noticed Natasha
  4212 | D:4      | Killed Natasha
  4237 | D:5      | Entered Level 5 of the Dungeon
  4296 | D:5      | Found a sacrificial altar of Ru.
  4317 | D:5      | Reached XP level 8. HP: 59/70 MP: 7/7
  4412 | D:5      | Found Sitenat's Assorted Antiques.
  4966 | D:5      | Reached skill level 5 in Maces & Flails
  5145 | D:5      | Reached * piety under Okawaru
  5148 | D:5      | Reached skill level 7 in Armour
  5510 | D:6      | Reached skill level 1 in Stealth
  5573 | D:6      | Noticed Edmund
  5596 | D:5      | Killed Edmund
  5821 | D:6      | Noticed Pikel
  5978 | D:5      | Killed Pikel
  5979 | D:5      | Reached skill level 8 in Armour
  5979 | D:5      | Reached XP level 9. HP: 61/78 MP: 8/8
  6096 | D:6      | Found an ancient bone altar of Kikubaaqudgha.
  6159 | D:6      | Reached ** piety under Okawaru
  6307 | D:6      | Found a blossoming altar of Fedhas.
  6332 | D:6      | Noticed an oklob plant
  6931 | D:7      | Found a staircase to the Ecumenical Temple.
  7116 | D:7      | Reached skill level 9 in Armour
  7308 | D:7      | Reached *** piety under Okawaru
  7833 | D:7      | Reached skill level 10 in Armour
  8233 | D:7      | Found a burning altar of Makhleb.
  8233 | D:7      | Noticed a balrug
  8255 | D:8      | Found a transporter.
  8263 | D:8      | Found a transporter.
  8263 | D:8      | Noticed an ancient zyme
  8265 | D:8      | Noticed duchin's ghost (novice TrWr)
  8277 | D:8      | Noticed Joseph
  8288 | D:8      | Killed Joseph
  8289 | D:8      | Reached XP level 10. HP: 67/88 MP: 9/9
  8383 | D:8      | Noticed Erica
  8391 | D:8      | Killed Erica
  8639 | D:8      | Reached **** piety under Okawaru
  8672 | D:8      | Reached skill level 10 in Maces & Flails
  8677 | D:8      | Noticed a toenail golem
  8871 | D:8      | Found a one-way gate to the infinite horrors of the Abyss.
  8905 | D:8      | Noticed Grum
  8909 | D:8      | Reached skill level 11 in Armour
  8914 | D:8      | Killed Grum
  9808 | D:8      | HP: 1/135 [troll (9)]
  9811 | D:8      | Mangled by an orc warrior

Illustrated notes

Levels and vault maps discovered:
D:1:      amcnicky_arrival_double_pillar, layout_loops_ring
D:2:      kennysheep_the_goblin_king, layout_basic,
          hellmonk_ecumenical_altar_lost_god, uniq_terence,
          uniq_crazy_yiuf_cottage
D:3:      layout_basic, lemuel_tele_altar
D:4:      layout_loops_ring, nicolae_elyvilon_temple_path, minitemple,
          uniq_natasha, uniq_menkaure, uniq_duvessa, uniq_eustachio
D:5:      layout_loops_corners, mainiacjoe_overflow_cross_hatched, serial_shops,
          nicolae_shop_crystal, minmay_fractal_squares_gapless_5
D:6:      layout_rooms, mainiacjoe_overflow_brackets, tgw_fedhas, uniq_pikel,
          uniq_edmund
D:7:      nicolae_cairo_tiling_large_dashed, layout_loops_corners,
          makhleb_altar_promises_db, minmay_temple_entry_fiery, grunt_tough_drop
D:8:      layout_basic, gammafunk_ghost_abyssal_escape, uniq_grum, uniq_joseph,
          uniq_erica
D:9:      layout_cross, due_lair_maze_entry_diamond, orc_0_dummy

Skill      XL: |  1  2  3  4  5  6  7  8  9 10 |
---------------+-------------------------------+-----
Fighting       | 4 5 6 7 8 |  8.6
Armour         | 4 5 6 8 10 11 | 11.6
Shields        | 4 5 6 |  6.5
Long Blades    | 3 4 5 6 |  6.4
Dodging        | 1 2 |  2.0
Maces & Flails | 1 4 7 9 10 | 10.8
Stealth        | 1 |  1.3
Invocations    | |  0.4

Action                   |  1- 3 |  4- 6 |  7- 9 | 10-12 || total
-------------------------+-------+-------+-------+-------++-------
Melee: Long sword        |    64 |   101 |       |       ||   165
       Headbutt          |     7 |    15 |    43 |    20 ||    85
       Mace              |       |    19 |   212 |    95 ||   326
Invok: Heroism           |       |       |     2 |       ||     2
  Use: Scroll            |     5 |     4 |       |       ||     9
       Potion            |     2 |       |       |     1 ||     3
Armor: Scale mail        |    24 |    26 |       |       ||    50
       Chain mail        |       |    22 |    43 |       ||    65
       Plate armour      |       |       |   126 |    66 ||   192
Dodge: Dodged            |    34 |    44 |    86 |    40 ||   204
Block: Buckler           |    12 |    28 |    36 |    37 ||   113
